 Dungeon Crawl Stone Soup version 0.30-a0-711-gf4ac18a38d (webtiles) character file.

Game seed: 7747529110162616015

170 kae the Changer (level 5, -6/37 HPs)
             Began as a Demonspawn Transmuter on Jan 22, 2023.
             Mangled by a gnoll
             ... wielding a +0 halberd
              (8 damage)
             ... on level 3 of the Dungeon.
             The game lasted 00:03:23 (2165 turns).

kae the Changer (Demonspawn Transmuter)             Turns: 2165, Time: 00:03:24

Health: -6/37      AC:  5    Str: 10    XL:     5   Next: 26%
Magic:  9/9        EV: 12    Int: 16    God:
Gold:   1313       SH:  0    Dex: 14    Spells: 3/9 levels left

rFire   . . .      SeeInvis .      - Unarmed
rCold   . . .      Faith    .    (no shield)
rNeg    . . .      Spirit   .    a - +0 robe
rPois   .          Reflect  .    (helmet currently unavailable)
rElec   .          Harm     .    c - +2 cloak "Kimni" {+Inv Slay+3}
rCorr   .          Rampage  .    (no gloves)
Will    .....                    (boots currently unavailable)
Stlth   +                        (no amulet)
HPRegen 0.26/turn                (no ring)
MPRegen 0.11/turn                (no ring)

@: appendages
A: horns 2, talons 2, demonic guardian 1, demonic touch 1
a: End Transformation, Evoke Invisibility


You were on level 3 of the Dungeon.
You had temporarily grown beastly horns and talons.
You visited 1 branch of the dungeon, and saw 3 of its levels.

You collected 1313 gold pieces.


Innate Abilities, Weirdness & Mutations

You have temporarily grown beastly horns and talons.
A weak demonic guardian rushes to your aid.
Your touch may inflict minor irresistible damage on your foes.


   Skills:
 - Level 1.0 Fighting
 - Level 1.7 Dodging
 + Level 3.4 Unarmed Combat
 + Level 2.9 Spellcasting
 * Level 3.5 Transmutations
 + Level 1.5 Poison Magic


You had 3 spell levels left.
You knew the following spells:

 Your Spells              Type           Power      Damage    Failure   Level
a - Beastly Appendage     Tmut           26%        N/A       4%          1
b - Wereblood             Tmut           13%        N/A       7%          2
c - Spider Form           Tmut/Pois      10%        N/A       21%         3

Your spell library contained the following spells:

 Spells                   Type           Power      Damage    Failure   Level
 Poisonous Vapours        Pois/Air       8%         N/A       22%         2
 Cigotuvi's Dreadful Rot  Necr/Pois/Air  6%         N/A       24%         2
 Mephitic Cloud           Conj/Pois/Air  3%         N/A       43%         3
 Ice Form                 Ice/Tmut       8%         N/A       65%         4

Inventory:

Missiles
 d - 34 stones
 l - 5 poisoned darts
Armour
 a - a +0 robe (worn)
 c - the +2 cloak "Kimni" (worn) {+Inv Slay+3}
   (You acquired it on level 1 of the Dungeon)

   Slay:      It affects your accuracy & damage with ranged weapons and melee
   (+3).
   +Inv:      It lets you turn invisible.
 i - a +0 helmet (melded)
   (You found it on level 1 of the Dungeon)
Wands
 p - a wand of flame (11)
   (You found it on level 3 of the Dungeon)
Scrolls
 j - a scroll of noise {unknown}
Potions
 b - a potion of lignification {!q}
 e - a potion of heal wounds {unknown}
 f - 3 potions of haste {unknown}
 g - 2 potions of might {unknown}
 h - a potion of mutation {unknown}
 k - 2 potions of ambrosia {unknown}
 m - a potion of berserk rage {unknown}
 n - a potion of brilliance {unknown}
 o - a potion of curing {unknown}

Dungeon Overview and Level Annotations

Branches:
Dungeon (3/15) Zot: 15841

Altars:
Makhleb

#..##.# ##.### #.....
#.... #...# ###.. #
...# ##. #. ..#####.#
#. #.......?..## ##.
#...?>......### ###..
#....#####....# #...#
#...g.@5)...#.##
##.###
###..#)######..###..#
#. #.# ##.....## #
#.# ####### #.# #.#
#.# ..#


You could see a gnoll and a friendly ufetubus (summoned).


Message History

You have reached level 5! 😕 HP[+7] MP[+1]
You now have 37 max hp (+5).
You regained 7 hp, and now have 36/37 hp.
Your mp is fully restored (9).
You howl as the wereblood boils in your veins!
The bat closely misses you.
Things that are here:
a +0 whip; a +2 chain mail of fire resistance The bat hits you.
The bat hits you but does no damage.
You closely miss the bat.
You touch the bat.
You feel a bit better.
You kill the bat! 😎 HP[+1]
Your hp is fully restored (37).
No target in view!
No target in view!
No target in view!
No target in view!
No target in view!
No target in view!
Your primal bloodlust has ended.
No target in view!
No target in view!
Unknown command.
Unknown command.
p - a wand of flame (11) No target in view!
No target in view!
A gnoll comes into view. It is wielding a +0 spear of flaming.
Found a stone staircase leading down.
A gnoll is nearby!
A gnoll is nearby!
A gnoll is nearby!
Casting: Wereblood (safe; 7% risk of failure)
Confirm with . or Enter, or press ? or * to list all spells.
You grow a pair of large bovine horns.
Your feet morph into talons.
Your +0 helmet melds into your body.
The gnoll barely misses you.
A gnoll comes into view. It is wielding a +0 whip.
The gnoll barely misses you. 😎 MP[-1]
You lost 1 mp, and now have 8/9 mp.
A dart slug comes into view.
The gnoll hits you with a +0 spear of flaming!
The gnoll burns you.
A gnoll comes into view. It is wielding a +0 spear.
The gnoll shouts! x2
You hit the gnoll. You claw the gnoll. Your touch misses the gnoll.
Your punch misses the gnoll. The gnoll barely misses you. 😮 HP[-11]
You take 11 damage, and now have 26/37 hp.
MASSIVE DAMAGE!! (PAUSE)
You hit the gnoll. Your kick misses the gnoll.
You touch the gnoll.
You kill the gnoll! 😮 HP[+1]
A gnoll comes into view. It is wielding a +0 halberd.
You see here a +0 spear of flaming.
Unknown command.
The dart slug bites you but does no damage.
The gnoll shouts!
You hit the dart slug. You claw the dart slug.
The gnoll hits you with a +0 whip. The gnoll misses you.
The dart slug barely misses you. 😮 HP[-6]
You take 6 damage, and now have 21/37 hp.
Unknown command.
You punch the dart slug!
You kill the dart slug!
The gnoll hits you from afar with a +0 spear.
* * * LOW HITPOINT WARNING * * *
A demonic guardian appears!
The gnoll hits you with a +0 whip.
* * * LOW HITPOINT WARNING * * *
😨 HP[-6] MP[+1]
You take 6 damage, and now have 15/37 hp.
Your mp is fully restored (9).
You swap places.
The gnoll completely misses you. The gnoll closely misses you.
Your ufetubus hits the gnoll. x2; The gnoll hits you with a +0 whip.
* * * LOW HITPOINT WARNING * * *
😨 HP[-3]
You take 3 damage, and now have 12/37 hp.
Unknown command.
You barely miss the gnoll. You claw the gnoll! Your touch misses the gnoll.
Your ufetubus barely misses the gnoll.
Your ufetubus hits the gnoll.
The gnoll dies!
The gnoll misses you.
Unknown command.
You completely miss the gnoll. You claw the gnoll, but do no damage.
You touch the gnoll.
Your ufetubus hits the gnoll. x2
The gnoll hits you from afar with a +0 halberd!
* * * LOW HITPOINT WARNING * * *
The gnoll hits your ufetubus with a +0 spear.
Your ufetubus hits the gnoll. x2 😱 HP[-11]
You take 11 damage, and now have 1/37 hp.
MASSIVE DAMAGE!! (PAUSE)
You completely miss the gnoll. Your headbutt misses the gnoll.
Your ufetubus hits the gnoll.
The gnoll dies!
The gnoll hits you from afar with a +0 halberd!
You die...

Skill      XL: |  1  2  3  4 |
---------------+-------------+-----
Transmutations | 2 3 |  3.5
Unarmed Combat | 3 |  3.4
Poison Magic   | 1 |  1.5
Fighting       | |  1.0
Dodging        | |  1.7
Spellcasting   | |  2.9

Action                     |  1- 3 |  4- 6 || total
---------------------------+-------+-------++-------
  Melee: Unarmed           |    94 |    38 ||   132
         Kick              |    25 |    10 ||    35
         Headbutt          |     6 |     3 ||     9
         Punch             |       |     3 ||     3
         Touch             |       |     5 ||     5
   Cast: Beastly Appendage |    25 |     5 ||    30
         Wereblood         |       |     1 ||     1
    Use: Scroll            |     5 |     2 ||     7
   Stab: Sleeping          |     1 |       ||     1
 Armour: Robe              |    26 |    14 ||    40
  Dodge: Dodged            |    48 |    36 ||    84

Levels and vault maps discovered:
D:1:      ncdulo_halloftheorcs, layout_basic, minmay_distorted
D:2:      layout_basic, guppyfry_early_lair_pool, uniq_natasha
D:3:      cheibrodos_greedy_goblins, layout_loops_ring,
          mainiacjoe_overflow_boulevard, dreamdust_ecumenical_altar_statues

Notes
Turn   | Place    | Note
-------+----------+-------------------------------------------
     0 | D:1      | kae the Demonspawn Transmuter began the quest for the Orb.
     0 | D:1      | Reached XP level 1. HP: 15/15 MP: 3/3
     0 | D:1      | magus.rc [v1.11.3]
   167 | D:1      | Reached skill level 2 in Transmutations
   173 | D:1      | You pick up a book of Vapours and begin reading...
   173 | D:1      | You add the spells Poisonous Vapours, Cigotuvi's Dreadful
                  | Rot and Mephitic Cloud to your library.
   514 | D:1      | Gained mutation: A weak demonic guardian rushes to your
                  | aid. [demonic ancestry]
   514 | D:1      | Reached XP level 2. HP: 15/21 MP: 3/5
   934 | D:1      | Identified 2 scrolls of acquirement
   934 | D:1      | Acquired 1163 gold pieces
   936 | D:1      | Acquired the +2 cloak "Kimni" {+Inv Slay+3}
  1028 | D:2      | Reached skill level 3 in Unarmed Combat
  1038 | D:2      | Reached XP level 3. HP: 26/26 MP: 4/6
  1044 | D:2      | Learned a level 2 spell: Wereblood
  1048 | D:2      | Learned a level 3 spell: Spider Form
  1579 | D:2      | Noticed Natasha
  1587 | D:2      | Killed Natasha
  1588 | D:2      | Reached skill level 3 in Transmutations
  1588 | D:2      | Gained mutation: Your touch may inflict minor irresistible
                  | damage on your foes. [demonic ancestry]
  1588 | D:2      | Reached XP level 4. HP: 30/32 MP: 5/7
  1842 | D:3      | Found a faded altar of an unknown god.
  1859 | D:3      | Found a burning altar of Makhleb.
  1869 | D:3      | Reached skill level 1 in Poison Magic
  2100 | D:3      | Reached XP level 5. HP: 36/37 MP: 9/9
  2164 | D:3      | HP: 1/37 [gnoll/+0 halberd (11)]
  2165 | D:3      | Mangled by a gnoll

Vanquished Creatures
  An orc priest (D:3)
  Natasha (D:2)
  A gnoll (D:3)
  3 adders
  A worm (D:2)
  2 dart slugs
  7 orcs (D:3)
  5 endoplasms
  3 giant cockroaches
  3 goblins
  8 hobgoblins
  A quokka (D:1)
  2 ball pythons (D:1)
  5 bats
  A frilled lizard (D:2)
  6 kobolds
  6 rats
56 creatures vanquished.

Vanquished Creatures (collateral kills)
  2 gnolls (D:3)
  A ball python (D:2)
3 creatures vanquished.

Vanquished Creatures (others)
  A plant (D:2)
1 creature vanquished.

Grand Total: 60 creatures vanquished

Table legend:
 A = Non-vault XP
 B = Vault XP
 C = Vault XP percentage of total XP
 D = Non-vault monster count
 E = Vault monster count
 F = Vault count percentage of total count
                 A         B        C        D         E       F
            +---------+---------+-------+---------+---------+-------
      Total |     219 |      39 |  15.1 |      56 |       3 |   5.1
            +---------+---------+-------+---------+---------+-------
        D:1 |      26 |       3 |  10.3 |      16 |       2 |  11.1
        D:2 |      54 |      36 |  40.0 |      24 |       1 |   4.0
        D:3 |     139 |       0 |   0.0 |      16 |       0 |   0.0
            +---------+---------+-------+---------+---------+-------

Illustrated notes

Table legend:
 A = Kills in this place as a percentage of kills in entire the game.
 B = Kills by you in this place as a percentage of kills by you in the entire game.
 C = Kills by friends in this place as a percentage of kills by friends in the entire game.
 D = Other kills in this place as a percentage of other kills in the entire game.
 E = Experience gained in this place as a percentage of experience gained in the entire game.
 F = Experience gained in this place divided by the number of levels of this place that you have seen.
                   A       B       C       D       E      F
               +-------+-------+-------+-------+-------+----------------------
         Total | 100.0 | 100.0 | 100.0 |   N/A | 100.0 |  86.0
       Dungeon | 100.0 | 100.0 | 100.0 |   N/A | 100.0 |  86.0
               +-------+-------+-------+-------+-------+----------------------

Table legend: (Time is in decaauts)
 A = Elapsed time spent in this place.
 B = Non-inter-level travel time spent in this place.
 C = Inter-level travel time spent in this place.
 D = Time resting spent in this place.
 E = Time spent auto-exploring this place.
 F = Levels seen in this place.
 G = Mean time per level.
                   A        B        C        D        E       F      G
               +--------+--------+--------+--------+--------+-----+--------+
         Total |   2157 |   2099 |     58 |      0 |   1725 |   3 |  719.0 |
       Dungeon |   2157 |   2099 |     58 |      0 |   1725 |   3 |  719.0 |
               +--------+--------+--------+--------+--------+-----+--------+

Top non-repeatable levels by time:
     D:1: 970 daAuts
     D:2: 855 daAuts
     D:3: 332 daAuts
